Map: At Eternity's Edge LE

Players

Khamsin - Winner!

  • Race: Protoss Protoss

I.A. 1 (Difficile)

  • Race: Protoss Protoss

VOD

Have the link to the VOD?

Description

Time

  • Played on: Sept. 13, 2026, 2:05 p.m.
  • Length: 13:58
Show
View Real Time Build Order
Export as new Build Order

Khamsin Protoss - Winner!

Build Orders:  

Get SALT Encoding   

  8  0:01  Probe (Chrono Boost)  
  9  0:12  Probe (Chrono Boost)  
  10  0:17  Probe (Chrono Boost)  
  11  0:29  Probe  
  12  0:41  Probe  
  13  0:53  Pylon  
  13  1:11  Probe  
  14  1:23  Probe  
  14  1:25  Gateway  
  15  1:35  Probe (Chrono Boost)  
  16  1:41  Assimilator  
  17  1:47  Probe (Chrono Boost)  
  17  1:53  Probe (Chrono Boost)  
  18  2:02  Probe  
  19  2:14  Probe  
  19  2:15  Nexus  
  20  2:26  Probe  
  21  2:43  Cybernetics Core  
  21  2:54  Pylon  
  21  3:11  Warp Gate  
  21  3:12  Probe  
  22  3:20  Stalker  
  22  3:25  Probe (Chrono Boost)  
  25  3:28  Probe (Chrono Boost)  
  26  3:37  Probe (Chrono Boost)  
  26  3:40  Probe (Chrono Boost)  
  28  3:43  Probe (Chrono Boost)  
  29  3:51  Probe  
  29  3:54  Robotics Facility  
  30  4:03  Probe  
  31  4:13  Shield Battery, Probe  
  31  4:15  Probe  
  33  4:25  Probe  
  34  4:32  Probe, Pylon  
  34  4:37  Probe  
  36  4:44  Probe  
  37  4:46  Immortal  
  41  4:57  Pylon  
  41  5:00  Forge  
  41  5:02  Stalker  
  43  5:12  Assimilator  
  43  5:16  Zealot  
  45  5:25  Immortal  
  45  5:27  Probe  
  50  5:29  Zealot  
  50  5:30  Gateway x2  
  52  5:39  Probe  
  53  5:43  Probe, Zealot  
  53  5:47  Nexus  
  56  5:51  Probe  
  56  5:55  Probe  
  58  6:16  Protoss Ground Weapons Level 1  
  58  6:30  Pylon  
  58  6:32  Pylon  
  58  6:48  Zealot, Probe x2  
  58  6:53  Stalker  
  62  7:00  Probe x2  
  60  7:06  Immortal  
  62  7:14  Assimilator  
  62  7:18  Probe x3  
  65  7:37  Pylon  
  65  7:47  Pylon  
  65  7:49  Probe (Chrono Boost)  
  66  7:51  Pylon  
  66  8:08  Gateway x2  
  66  8:11  Gateway  
  66  8:14  Stalker  
  66  8:16  Stalker  
  66  8:17  Zealot, Protoss Ground Armor Level 1  
  72  8:40  Assimilator, Probe  
  73  8:44  Probe  
  74  8:52  Probe  
  75  8:56  Probe  
  76  9:04  Probe  
  76  9:08  Probe  
  78  9:12  Stalker x2  
  78  9:13  Stalker, Zealot  
  78  9:14  Zealot x2  
  90  9:18  Immortal  
  90  9:20  Probe  
  95  9:32  Probe  
  95  9:34  Robotics Facility  
  95  9:36  Robotics Facility  
  96  9:42  Assimilator  
  96  9:45  Stalker x2  
  100  9:46  Stalker x2, Assimilator  
  100  9:47  Zealot x2  
  108  10:19  Probe (Chrono Boost)  
  109  10:23  Pylon  
  109  10:26  Pylon  
  109  10:30  Probe (Chrono Boost)  
  109  10:35  Probe (Chrono Boost)  
  110  10:41  Immortal x2  
  119  10:44  Immortal  
  119  10:46  Probe  
  119  10:49  Stalker  
  126  10:57  Stalker x3  
  120  10:58  Probe, Zealot x2  
  127  11:10  Pylon  
  127  11:16  Pylon  
  127  11:19  Pylon  
  127  11:23  Pylon  
  127  11:28  Immortal x2  
  135  11:34  Immortal  
  139  11:55  Stalker x2  
  139  11:56  Stalker, Zealot x2  
  139  11:57  Zealot  
  151  12:07  Immortal x2  
  155  12:13  Immortal  
  151  12:46  Immortal x2  
Show
View Real Time Build Order
Export as new Build Order

I.A. 1 (Difficile) Protoss 

Build Orders:  

Get SALT Encoding   

  8  0:00  Probe  
  9  0:13  Probe  
  10  0:25  Probe  
  11  0:37  Probe  
  12  0:47  Pylon  
  12  0:49  Probe  
  13  1:01  Probe  
  13  1:09  Gateway  
  13  1:10  Probe  
  15  1:19  Probe  
  15  1:20  Assimilator  
  16  1:30  Pylon  
  16  1:31  Probe  
  17  1:43  Probe  
  18  1:52  Zealot  
  18  1:55  Probe  
  18  1:59  Cybernetics Core  
  21  2:10  Pylon  
  21  2:11  Probe  
  22  2:22  Gateway  
  22  2:28  Assimilator  
  22  2:35  Stalker  
  24  2:56  Stalker  
  24  3:02  Warp Gate  
  26  3:12  Zealot, Pylon  
  28  3:25  Stalker  
  30  3:42  Stalker  
  32  3:54  Stalker  
  32  3:56  Pylon  
  32  3:57  Probe  
  35  4:09  Probe  
  36  4:11  Adept  
  38  4:20  Forge  
  38  4:22  Probe  
  38  4:23  Stalker  
  41  4:34  Probe  
  44  4:46  Probe  
  45  4:58  Probe  
  46  5:00  Adept  
  46  6:13  Probe  
  46  6:23  Protoss Ground Weapons Level 1, Sentry  
  48  6:26  Gateway  
  48  6:27  Twilight Council  
  48  6:33  Pylon, Nexus, Zealot  
  48  6:35  Photon Cannon  
  48  6:36  Photon Cannon  
  50  6:45  Zealot  
  52  6:51  Blink  
  52  6:54  Robotics Facility  
  52  6:55  Sentry  
  52  6:57  Pylon  
  48  7:08  Sentry  
  42  7:18  Adept  
  44  7:28  Stalker  
  46  7:36  Observer  
  46  7:38  Adept  
  49  7:45  Probe, Forge  
  49  7:46  Probe  
  49  7:48  Stalker, Observer  
  53  7:56  Assimilator  
  53  7:57  Probe  
  53  7:58  Zealot  
  57  8:00  Probe  
  58  8:05  Pylon  
  58  8:08  Protoss Ground Armor Level 1, Zealot  
  58  8:09  Probe  
  58  8:10  Pylon  
  58  8:12  Probe  
  61  8:21  Probe x2  
  61  8:24  Stargate  
  63  8:30  Probe  
  63  8:33  Probe  
  64  8:39  Probe  
  65  8:45  Probe  
  65  8:47  Photon Cannon  
  67  8:51  Probe  
  67  8:53  Photon Cannon  
  68  8:57  Probe  
  69  9:03  Probe  
  69  9:09  Probe  
  71  9:16  Probe  
  72  9:21  Probe  
  73  9:25  Probe  
  74  9:33  Probe  
  74  9:34  Probe  
  76  9:42  Assimilator  
  76  9:46  Probe  
  77  10:34  Void Ray  
  77  10:37  Warp Prism  
  77  10:48  Gateway  
  83  10:50  Protoss Ground Armor Level 2  
  83  10:52  Robotics Facility  
  83  10:54  Stalker  
  83  10:56  Stargate, Nexus  
  69  11:01  Robotics Bay  
  57  11:04  Stalker  
  57  11:06  Pylon  
  57  11:10  Warp Prism  
  59  11:14  Stalker  
  63  11:24  Zealot  
  65  11:34  Stalker  
  65  11:38  Warp Prism, Zealot, Observer  
  66  11:41  Zealot  
  66  11:45  Zealot, Pylon  
  72  11:56  Immortal  
  76  12:02  Stalker  
  76  12:06  Zealot  
  76  12:10  Zealot  
  76  12:13  Zealot  
  72  12:16  Pylon  
  72  12:17  Void Ray  
  72  12:21  Void Ray  
  79  12:25  Zealot  
  68  12:35  Stalker  
  64  12:45  Sentry  
  64  12:51  Zealot  
  60  12:55  Zealot  
  47  12:58  Zealot  
  47  13:07  Zealot  
  47  13:11  Zealot  
  37  13:17  Pylon  
  31  13:28  Cybernetics Core  
  31  13:29  Zealot  
  31  13:32  Pylon  
Tags
 
Add a new tag
Caveats
  • Supply blocks, unpowered buildings, or Contaminate may cause inaccurate times.
  • Supply counts are checked every 10 seconds.